 Dungeon Crawl Stone Soup version 0.30-a0-377-g5cb311bc9f (webtiles) character file.

Game seed: 3119822648651428111

119023 PyroL the Lord of Darkness (level 16, -2/115 (131) HPs)
             Began as a Demonspawn Necromancer on Nov 28, 2022.
             Was the Champion of Kikubaaqudgha.
             Slain by a jumping spider (18 damage)
             ... on level 2 of the Spider Nest.
             The game lasted 02:14:31 (30117 turns).

PyroL the Lord of Darkness (DsNe)                  Turns: 30117, Time: 02:14:31

HP:   -2/115 (131)  AC: 27    Str: 13    XL:     16   Next: 26%
MP:   16/32         EV: 18    Int: 22    God:    Kikubaaqudgha [******]
Gold: 2133          SH: 17    Dex: 21    Spells: 6/40 levels left

rFire   + . .      SeeInvis +    S - +10 trident "Cusku" {pain, SInv}
rCold   + . .      Faith    .    Q - +2 kite shield {AC+3}
rNeg    . . .      Spirit   .    V - +2 robe {Will+}
rPois   +          Reflect  .    T - +2 hat {Will+}
rElec   +          Harm     .    N - +2 cloak of Amelioration {Str+3}
rCorr   .          Rampage  .    E - +2 pair of gloves
Will    ++++.                    x - +0 pair of boots
Stlth   ++........               k - amulet of magic regeneration
HPRegen 0.39/turn                X - +4 ring of protection
MPRegen 0.63/turn                q - ring "Hunaxa Qas" {rElec rPois rF+ rC+ Dex+6}

@: death channelling, animating dead, studying 2 skills, heavily drained
A: antennae 2, molten scales 2, foul stench 1, icemail 1, torment resistance 1,
condensation shield, demonic willpower
a: Renounce Religion, Unearth Wretches, Torment


You were on level 2 of the Spider Nest.
You worshipped Kikubaaqudgha.
Kikubaaqudgha was exalted by your worship.
You visited 5 branches of the dungeon, and saw 25 of its levels.
You also visited: Sewer and Bailey.

You collected 3371 gold pieces.
You spent 1238 gold pieces at shops.

Inventory:

Hand Weapons
 B - a +6 trident of protection
 S - the +10 trident "Cusku" (weapon) {pain, SInv}
   (You took it off a spriggan on level 4 of the Lair of Beasts)

   In the hands of one skilled in necromantic magic, it inflicts extra damage on
   living creatures.
   SInv:      It lets you see invisible.
Missiles
 R - 10 atropa-tipped darts
Armour
 x - a +0 pair of boots (worn)
 z - the +2 ring mail of Refuge {Fly rCorr SInv}
   (You found it on level 1 of the Lair of Beasts)

   SInv:      It lets you see invisible.
   Fly:       It grants you flight.
   rCorr:     It protects you from acid and corrosion.
 E - a +2 pair of gloves (worn)
 N - the +2 cloak of Amelioration (worn) {Str+3}
   (You found it in a bailey)

   Str:       It affects your strength (+3).
 Q - a +2 kite shield of protection (worn)
 T - a +2 hat of willpower (worn)
 V - a +2 robe of willpower (worn)
Jewellery
 j - a ring of protection from fire
 k - an amulet of magic regeneration (around neck)
 q - the ring "Hunaxa Qas" (right hand) {rElec rPois rF+ rC+ Dex+6}
   (You bought it in a shop on level 2 of the Orcish Mines)

   [ring of dexterity]

   Dex:       It affects your dexterity (+6).
   rF:        It protects you from fire.
   rC:        It protects you from cold.
   rElec:     It insulates you from electricity.
   rPois:     It protects you from poison.
 u - a ring of protection from cold
 K - a ring of resist corrosion
 X - a +4 ring of protection (left hand)
Wands
 p - a wand of polymorph (12)
 A - a wand of iceblast (25)
 M - a wand of acid (1)
 P - a wand of mindburst (18)
 U - a wand of flame (27)
 W - a wand of paralysis (23)
Scrolls
 a - 2 scrolls of blinking
 d - 7 scrolls of teleportation
 i - 2 scrolls of brand weapon
 l - 4 scrolls of torment
 o - 3 scrolls of amnesia
 r - 6 scrolls of enchant armour
 y - 7 scrolls of fear
 C - 4 scrolls of poison
 F - 3 scrolls of immolation
 G - 2 scrolls of magic mapping
 H - a scroll of silence
 I - 2 scrolls of enchant weapon
 Z - 4 scrolls of fog
Potions
 b - 3 potions of magic
 c - 5 potions of might
 f - 15 potions of curing
 g - 6 potions of brilliance
 h - 12 potions of flight
 m - 4 potions of mutation
 n - 4 potions of ambrosia
 s - 5 potions of heal wounds
 t - 5 potions of resistance
 v - 6 potions of lignification
 w - 2 potions of attraction
 J - a potion of invisibility
 Y - 2 potions of haste
Miscellaneous
 e - a lightning rod (4/4)
 D - a phial of floods
 L - a box of beasts
 O - a tin of tremorstones (2/2)


   Skills:
 - Level 13.3 Fighting
 + Level 8.5 Polearms
 - Level 10.8 Dodging
 - Level 1.7 Stealth
 - Level 5.0 Shields
 + Level 12.5 Spellcasting
 - Level 16.6 Necromancy
 * Level 6.0 Ice Magic
 - Level 4.8 Earth Magic
 - Level 5.7 Evocations


You had 6 spell levels left.
You knew the following spells:

 Your Spells              Type           Power      Damage    Failure   Level
a - Necrotise             Necr           100%       1d9       0%          1
b - Vampiric Draining     Necr           72%        2d11      1%          3
c - Animate Dead          Necr           72%        N/A       1%          4
d - Kiss of Death         Conj/Necr      100%       2d13      1%          1
e - Borgnjor's Vile Clut  Necr/Erth      28%        N/A       4%          5
f - Anguish               Hex/Necr       25%        N/A       4%          4
g - Dispel Undead         Necr           72%        3d24      1%          4
h - Death Channel         Necr           36%        N/A       2%          6
i - Simulacrum            Ice/Necr       29%        N/A       19%         6

Your spell library contained the following spells:

 Spells                   Type           Power      Damage    Failure   Level
 Sandblast                Erth           68%        2d15      1%          1
 Cigotuvi's Dreadful Rot  Necr/Pois/Air  76%        N/A       1%          2
 Agony                    Necr           72%        N/A       1%          5
 Frozen Ramparts          Ice            80%        1d13      3%          3
 Ensorcelled Hibernation  Hex/Ice        54%        N/A       6%          2
 Passwall                 Tmut/Erth      20%        N/A       8%          2
 Apportation              Tloc           26%        N/A       13%         1
 Beastly Appendage        Tmut           26%        N/A       13%         1
 Summon Small Mammal      Summ           52%        N/A       13%         1
 Stone Arrow              Conj/Erth      48%        3d10      14%         3
 Blink                    Tloc           26%        N/A       21%         2
 Momentum Strike          Conj/Tloc      26%        3d8       21%         2
 Poisonous Vapours        Pois/Air       26%        N/A       21%         2
 Wereblood                Tmut           13%        N/A       21%         2
 Dazzling Flash           Conj/Hex       26%        N/A       36%         3
 Gell's Gravitas          Tloc           13%        N/A       36%         3
 Ignite Poison            Fire/Tmut/Pois 13%        N/A       36%         3
 Kindle Blastsparks       Fire/Tloc/Air  26%        2d12      36%         3
 Lesser Beckoning         Tloc           26%        N/A       36%         3
 Mephitic Cloud           Conj/Pois/Air  13%        N/A       36%         3
 Spider Form              Tmut/Pois      13%        N/A       36%         3
 Teleport Other           Tloc           13%        N/A       36%         3
 Vhi's Electric Charge    Tloc/Air       26%        N/A       36%         3
 Ice Form                 Ice/Tmut       27%        N/A       36%         4
 Summon Ice Beast         Ice/Summ       27%        N/A       36%         4
 Animate Armour           Summ/Erth      48%        N/A       43%         4
 Lee's Rapid Deconstruct  Erth           17%        3d10*     45%         5
 Fulminant Prism          Conj/Hex       6%         3d7       78%         4
 Iskenderun's Mystic Bla  Conj/Tloc      13%        2d5       78%         4
 Freezing Cloud           Conj/Ice/Air   11%        6-21      85%         5
 Conjure Ball Lightning   Conj/Air       6%         3x3d6     100%        6
 Eringya's Noxious Bog    Tmut/Pois      6%         N/A       100%        6
 Starburst                Conj/Fire      6%         6d4       100%        6
 Borgnjor's Revivificati  Necr           36%        N/A       67%         8
 Infestation              Necr           36%        N/A       67%         8
 Haunt                    Necr/Summ      25%        N/A       98%         7
 Orb of Destruction       Conj           6%         9d6       100%        7
 Discord                  Hex            6%         N/A       100%        8
 Disjunction              Tloc           6%         N/A       100%        8
 Lehudib's Crystal Spear  Conj/Erth      12%        10d4      100%        8
 Necromutation            Tmut/Necr      25%        N/A       100%        8
 Death's Door             Necr           36%        N/A       100%        9


Dungeon Overview and Level Annotations

Branches:
Dungeon (15/15)            Temple (1/1) D:5            Lair (5/5) D:9
 Shoals (0/4) Lair:3       Spider (2/4) Lair:3        Slime (0/5) Lair:5
    Orc (2/2) D:12            Elf (0/3) Orc:2        Vaults (0/5) D:13
 Depths (0/4) D:15          Sewer (visited)          Bailey (visited)

Altars:
Ashenzari
Cheibriados
Dithmenos
Fedhas
Gozag
Hepliaklqana
Kikubaaqudgha
Makhleb
Nemelex Xobeh
Okawaru
Qazlal
Ru
Sif Muna
Trog
Uskayaw
Vehumet
Wu Jian
Xom
Yredelemnul

Shops:
D:1 !***   D:10 *(   D:14 :   Orc:1 ?   Orc:2 =:?*

Portals:
Trove: D:13 (show slimy rune of Zot)

Annotations:
D:10 3 transporters


Innate Abilities, Weirdness & Mutations

You have a pair of antennae on your head.
You are mostly covered in molten scales. (AC +3)
You may rarely emit foul miasma when damaged in melee.
A meltable icy envelope protects you from harm. (AC +4)
You are resistant to unholy torment.
A meltable shield of frost defends you. (SH +4)
You punish those that try to bend your will. (Will+)


Message History

The jumping spider bites you but does no damage.
The moth of wrath completely misses you.
The demonic crawler hits you but does no damage. x3
Your spectral wolf spider hits the broodmother!
Your spectral wolf spider drains the broodmother.
Your spectral wolf spider bites the broodmother!
Okay, then.
Casting: Kiss of Death (safe; 1% risk of failure)
Confirm with . or Enter, or press ? or * to list all spells.
Aiming: Vampiric Draining (safe; 1% risk of failure)
Press: ? - help, Shift-Dir - straight line, f - broodmother
Aim: a broodmother (almost dead, not watching you, lightly drained, ally target, anguished)
You draw life force from the broodmother!
You kill the broodmother!
Kikubaaqudgha accepts your kill.
You feel life coursing into your body.
The dead are crawling!
A glowing mist starts to gather...
The culicivora bites you!!
* * * LOW HITPOINT WARNING * * *
The culicivora draws strength from your injuries!
You block the jumping spider's attack.
The jumping spider bites you but does no damage.
Your wolf spider simulacrum hits the tarantella.
Your wolf spider simulacrum freezes the tarantella!!
Your wolf spider simulacrum barely misses the tarantella.
You block the tarantella's attack. The culicivora bites you!
* * * LOW HITPOINT WARNING * * *
The culicivora draws strength from your injuries!
The jumping spider pounces on you but does no damage.
The jumping spider bites you but does no damage.
The demonic crawler barely misses you.
You block the demonic crawler's attack. x2
Your spectral wolf spider hits the moth of wrath.
Your spectral wolf spider bites the moth of wrath.
Your spectral wolf spider drains the moth of wrath.
The moth of wrath closely misses you.
You feel your dexterity returning.
Your Ice Magic skill increases to level 6!
You feel much better. You block the culicivora's attack.
The jumping spider pounces on you!!
You die...
Kikubaaqudgha rasps: "You have failed me!
Welcome... death!"

#.. .# ≈## .
..# ..##~~# ..
... .#..... ...
.. .(.)..#
....#.##.......
. #s....Z....
....#.ssZ.#
......s@ZZ#
......^sy#..^..
#...s...Z.. ^..
..#....#..... .
....... ......#
..s^... .......
...#... .##...#
....#.. .. ....


You could see a demonic crawler, a moth of wrath (drained, ally target,
anguished), 2 culicivoras, 2 jumping spiders, a tarantella (ally target), a
redback, a friendly spectral wolf spider, a friendly spectral broodmother, 2
friendly wolf spider simulacra and a friendly broodmother zombie.

Vanquished Creatures
  Gastronok (D:9)
  A ghost moth (Spider:1)
  A broodmother (Spider:2)
  The ghost of zishaf the Wallflower, a journeyman VSBr of Uskayaw (Lair:4)
  A blizzard demon (D:14)
  Harold (D:9)
  2 hydras
  The ghost of Anelople the Basher, a journeyman GnWn of Qazlal (D:14)
  4 boulder beetles
  7 two-headed ogres
  4 centaur warriors
  2 dancing weapons (D:13)
  5 death yaks (Lair:4)
  The ghost of qeuew the Demolition Demonspawn, a novice DsMo of Makhleb (D:9)
  5 tengu warriors
  11 spriggans
  A skeletal warrior (D:8)
  2 orc knights
  A deep elf pyromancer (D:14)
  5 cyclopes
  7 manticores
  7 ugly things (D:15)
  Maurice (D:9)
  An elephant (Lair:2)
  2 gargoyles
  2 black mambas (Lair:4)
  Maggie (D:8)
  2 torpor snails
  Joseph (D:7)
  2 cane toads (Lair:5)
  A yaktaur (D:15)
  A kobold demonologist (D:9)
  A tengu conjurer (D:14)
  3 rime drakes
  A freezing wraith (D:9)
  6 komodo dragons
  2 ice devils (D:14)
  9 trolls
  3 polar bears (Lair:5)
  A wind drake (Lair:3)
  6 hornets
  A tarantella (Spider:1)
  3 blink frogs (Lair:5)
  2 dream sheep (Lair:5)
  5 slime creatures
  2 culicivoras (Spider:1)
  5 shadows
  A vampire (D:11)
  2 wyverns
  3 centaur simulacra (D:14)
  7 wraiths
  28 yaks
  5 basilisks
  2 redbacks (Spider:1)
  8 vampire mosquitoes
  Menkaure (D:4)
  8 wargs
  3 acid dragons
  11 water moccasins
  An ice beast (D:5)
  Pargi (Sewer)
  22 orc warriors
  A hornet zombie (D:6)
  2 sky beasts (D:7)
  3 black bears
  5 boggarts
  7 ogres
  25 wolves
  7 centaurs
  A phantom (D:4)
  2 kobold brigands
  7 bullfrogs
  Blork the orc (D:6)
  2 necrophages
  3 gnoll sergeants
  A scorpion (D:7)
  4 wights
  3 killer bees (Lair:3)
  A howler monkey (D:4)
  A centaur zombie (D:6)
  A human zombie (D:6)
  6 jellies
  Crazy Yiuf (D:2)
  10 orc priests
  Ijyb (D:4)
  4 iguanas
  Natasha (thrice) (D:3)
  21 orc wizards
  4 mummies (D:6)
  2 howler monkey zombies (D:6)
  10 gnolls
  6 adders
  A shadow imp (D:6)
  3 white imps
  2 ufetubi (D:5)
  A dart slug (D:1)
  2 worms
  49 orcs
  8 ball pythons
  6 endoplasms
  2 giant cockroaches
  11 goblins
  13 hobgoblins
  10 quokkas
  5 bats
  4 frilled lizards
  25 kobolds
  8 rats
533 creatures vanquished.

Vanquished Creatures (collateral kills)
  Agnes (Spider:1)
  A ghost moth (Spider:1)
  A stone giant (D:15)
  Josephine (Lair:4)
  A hydra (Lair:5)
  4 ogre magi (Orc:2)
  A death knight (D:13)
  A centaur warrior (D:13)
  8 two-headed ogres
  A death yak (Lair:4)
  3 pharaoh ants (Spider:1)
  2 orb spiders (Spider:1)
  A steelbarb worm (Spider:1)
  An orc sorcerer (Orc:2)
  A wolf spider (Spider:1)
  3 ugly things
  A faun (shapeshifter) (D:13)
  4 elephants (Lair:2)
  A cane toad (Lair:1)
  A black mamba (Lair:4)
  2 komodo dragons
  Psyche (D:8)
  A demonic crawler (Spider:1)
  The ghost of bande the Covered, a novice GrFi (D:4)
  2 tengu conjurers
  3 meliai (Spider:1)
  2 trolls
  A wolf spider simulacrum (D:14)
  2 slime creatures
  3 polar bears
  A tarantella (Spider:1)
  5 dream sheep (Lair:5)
  6 culicivoras (Spider:1)
  2 spriggans (Lair:5)
  2 jumping spiders (Spider:1)
  2 centaur simulacra (D:14)
  Eustachio (D:4)
  12 yaks
  A wyvern (Lair:4)
  2 basilisks (Lair:5)
  15 redbacks (Spider:1)
  3 wargs (Orc:2)
  7 vampire mosquitoes
  An acid dragon (D:11)
  3 water moccasins
  5 orc warriors
  A black bear (D:5)
  16 ogres
  6 wolves
  3 boggarts
  A centaur (D:15)
  2 bullfrogs
  3 wights (D:9)
  2 howler monkeys (D:11)
  2 hounds (D:5)
  4 orc priests
  2 iguanas
  An orc wizard (D:11)
  2 adders (D:5)
  A worm (D:2)
  14 orcs
  An endoplasm (Lair:5)
  A goblin (D:1)
  4 hobgoblins
  3 kobolds
  A bat (D:1)
  A frilled lizard (D:2)
  A rat (D:1)
  A bush (Lair:2)
  3 butterflies (Lair:4)
200 creatures vanquished.

Vanquished Creatures (others)
  A frost giant (D:13)
  An angel (D:8)
  Nessos (D:12)
  A radroach (Spider:1)
  2 boulder beetles (D:13)
  A centaur warrior (D:11)
  7 two-headed ogres
  A tengu warrior (D:14)
  An ugly thing (D:12)
  An ugly thing zombie (D:15)
  A wolf spider (Spider:2)
  An orc sorcerer (Orc:2)
  A cyclops (D:8)
  An elephant (Lair:2)
  6 redback zombies (Spider:1)
  A rime drake (D:14)
  A polar bear (Lair:5)
  A tengu conjurer (D:11)
  2 meliai
  A jumping spider zombie (Spider:1)
  A tarantella (Spider:1)
  A meliai zombie (Spider:1)
  A dream sheep (Lair:5)
  2 culicivora zombies (Spider:1)
  A tarantella zombie (Spider:1)
  A boulder beetle zombie (D:8)
  2 black mamba zombies (Lair:4)
  2 spriggans (Lair:5)
  2 wraiths
  5 yaks
  3 slime creature zombies
  10 two-headed ogre zombies
  2 dream sheep zombies (Lair:5)
  A hornet zombie (Lair:5)
  7 ogres (Orc:2)
  2 blink frog zombies (Lair:5)
  An elephant zombie (Lair:2)
  3 wolves (Lair:5)
  A kobold brigand (D:11)
  A yaktaur zombie (D:15)
  A wyvern zombie (D:11)
  A cyclops zombie (D:8)
  A warg zombie (D:15)
  2 water moccasin zombies
  2 polar bear zombies (Lair:5)
  6 yak zombies
  A troll zombie (D:8)
  2 spriggan zombies (Lair:5)
  A killer bee (Lair:3)
  An electric eel (Lair:2)
  14 wolf zombies
  4 centaur zombies
  A black bear zombie (Lair:5)
  2 orc priests
  A human zombie (D:9)
  16 ogre zombies
  A sky beast zombie (D:7)
  An acid dragon zombie (D:11)
  7 gnoll zombies
  2 adder zombies
  An orc (D:15)
  A goblin (Bailey)
  A ball python zombie (D:4)
  An endoplasm zombie (D:4)
  A giant cockroach zombie (D:4)
  A goblin zombie (Bailey)
  2 hobgoblin zombies (Bailey)
  6 kobold zombies
  28 orc zombies
  A quokka zombie (D:4)
  57 fungi
  65 plants
314 creatures vanquished.

Grand Total: 1047 creatures vanquished

Notes
Turn   | Place    | Note
-------+----------+-------------------------------------------
     0 | D:1      | PyroL the Demonspawn Necromancer began the quest for the
                  | Orb.
     0 | D:1      | Reached XP level 1. HP: 13/13 MP: 3/3
   353 | D:1      | Found Qytzuo's General Store.
   355 | D:1      | Found Gykablei's General Store.
   357 | D:1      | Found Amiofoph's Distillery.
   416 | D:1      | Gained mutation: A meltable shield of frost defends you.
                  | (SH +4) [demonic ancestry]
   416 | D:1      | Reached XP level 2. HP: 4/19 MP: 0/5
   768 | D:1      | Reached skill level 5 in Necromancy
   768 | D:1      | Gained mutation: You are partially covered in molten
                  | scales. (AC +2) [demonic ancestry]
   768 | D:1      | Reached XP level 3. HP: 24/24 MP: 7/7
   772 | D:1      | Learned a level 3 spell: Vampiric Draining
   807 | D:1      | Found Harch's General Store.
  1391 | D:2      | Found a shadowy altar of Dithmenos.
  1754 | D:2      | Found a runed translucent door.
  1756 | D:2      | Noticed Crazy Yiuf
  1870 | D:3      | Noticed Natasha
  1885 | D:3      | Killed Natasha
  1886 | D:3      | Reached XP level 4. HP: 30/30 MP: 8/8
  1902 | D:3      | Learned a level 4 spell: Animate Dead
  1986 | D:3      | Found a stormy altar of Qazlal.
  2240 | D:3      | Noticed Natasha
  2246 | D:3      | Killed Natasha
  2295 | D:3      | Noticed Natasha
  2298 | D:3      | Killed Natasha
  2299 | D:3      | Reached skill level 1 in Fighting
  2299 | D:3      | Reached skill level 6 in Necromancy
  2299 | D:3      | Gained mutation: You have a pair of small antennae on your
                  | head. [demonic ancestry]
  2299 | D:3      | Reached XP level 5. HP: 37/37 MP: 7/9
  2360 | D:3      | Found a glowing drain.
  2373 | Sewer    | Entered a sewer
  2406 | Sewer    | Noticed Pargi
  2428 | Sewer    | Killed Pargi
  2960 | D:4      | Found a broken altar of Ashenzari.
  2976 | D:4      | Noticed Ijyb
  2986 | D:4      | Noticed a phantom
  3034 | D:4      | Killed a phantom
  3035 | D:4      | Reached skill level 7 in Necromancy
  3035 | D:4      | Gained mutation: You may rarely emit foul miasma when
                  | damaged in melee. [demonic ancestry]
  3035 | D:4      | Reached XP level 6. HP: 34/46 MP: 10/10
  3108 | D:4      | Noticed Eustachio
  3127 | D:4      | Killed Eustachio
  3128 | D:4      | Reached XP level 7. HP: 31/52 MP: 11/11
  3147 | D:4      | Reached skill level 8 in Necromancy
  3174 | D:4      | Killed Ijyb
  3397 | D:4      | Found an iron altar of Okawaru.
  3511 | D:4      | Noticed Menkaure
  3521 | D:4      | Killed Menkaure
  3613 | D:4      | Found a radiant altar of Vehumet.
  3635 | D:4      | Found an ornate altar of the Wu Jian Council.
  3675 | D:4      | Found a transporter.
  3676 | D:4      | Found a transporter.
  3676 | D:4      | Noticed bande's ghost (novice GrFi)
  3917 | D:4      | Found a hazy altar of Hepliaklqana.
  4014 | D:4      | Reached skill level 9 in Necromancy
  4027 | D:5      | Entered Level 5 of the Dungeon
  4126 | D:5      | Gained mutation: A meltable icy envelope protects you from
                  | harm. (AC +4) [demonic ancestry]
  4126 | D:5      | Reached XP level 8. HP: 52/61 MP: 12/12
  4144 | D:5      | Reached skill level 5 in Fighting
  4252 | D:5      | Reached skill level 10 in Necromancy
  4636 | D:5      | Found a staircase to the Ecumenical Temple.
  4669 | Temple   | Entered the Ecumenical Temple
  4760 | Temple   | Became a worshipper of Kikubaaqudgha
  4794 | D:5      | Reached skill level 11 in Necromancy
  5213 | D:5      | Found an opulent altar of Gozag.
  5222 | D:5      | Gained mutation: You have a pair of antennae on your head.
                  | [demonic ancestry]
  5222 | D:5      | Reached XP level 9. HP: 69/69 MP: 6/13
  5901 | D:6      | Reached * piety under Kikubaaqudgha
  5901 | D:6      | Received a gift from Kikubaaqudgha
  5904 | D:6      | Learned a level 1 spell: Kiss of Death
  5910 | D:6      | Found a basalt altar of Yredelemnul.
  6175 | D:6      | Reached skill level 12 in Necromancy
  6560 | D:6      | Noticed Blork the orc
  6567 | D:6      | Killed Blork the orc
  6785 | D:6      | Found a hide-covered altar of Uskayaw.
  6957 | D:7      | Noticed Joseph
  7085 | D:7      | Reached ** piety under Kikubaaqudgha
  7132 | D:7      | You fall into a shaft and drop 2 floors!
  7155 | D:9      | Noticed Maurice
  7172 | D:9      | Noticed a kobold demonologist
  7192 | D:9      | Noticed a sixfirhy
  7214 | D:9      | Noticed an orange demon
  7215 | D:8      | Noticed an angel
  7215 | D:8      | Noticed Psyche
  7215 | D:8      | Found a shimmering altar of Xom.
  7229 | D:8      | HP: 2/43 [yak (6)]
  7301 | D:8      | Killed an angel
  7502 | D:7      | Found a flagged portal.
  7514 | Bailey   | Entered a bailey
  7587 | Bailey   | Reached skill level 13 in Necromancy
  7781 | Bailey   | Identified the +8 glaive of Ragnarok {antimagic, Str+4}
  8114 | Bailey   | Reached skill level 1 in Evocations
  8114 | Bailey   | Gained mutation: You are mostly covered in molten scales.
                  | (AC +3) [demonic ancestry]
  8114 | Bailey   | Reached XP level 10. HP: 25/43 MP: 10/14
  8465 | Bailey   | Identified the +2 cloak of Amelioration {Str+3}
  9264 | D:7      | Killed Joseph
  9424 | D:8      | Reached *** piety under Kikubaaqudgha
  9424 | D:8      | Received a gift from Kikubaaqudgha
  9988 | D:9      | Found a staircase to the Lair.
 10050 | D:9      | Killed Maurice
 10051 | D:9      | Reached skill level 5 in Evocations
 10069 | D:9      | Reached skill level 14 in Necromancy
 10195 | D:9      | Your ally Maurice died
 10388 | D:9      | Noticed Harold
 10659 | D:9      | Killed Harold
 10697 | D:9      | Noticed Gastronok
 10724 | D:9      | Killed Gastronok
 10725 | D:9      | Reached skill level 5 in Spellcasting
 10725 | D:9      | Reached XP level 11. HP: 68/89 MP: 15/18
 10922 | D:9      | Found a burning altar of Makhleb.
 10939 | D:9      | Found a runed translucent gate.
 10939 | D:9      | Found a runed translucent gate.
 10939 | D:9      | Found a runed translucent gate.
 10940 | D:9      | Noticed qeuew's ghost (novice DsMo)
 10951 | D:9      | Learned a level 5 spell: Borgnjor's Vile Clutch
 10956 | D:9      | Learned a level 4 spell: Anguish
 10989 | D:8      | Noticed a two-headed ogre
 11250 | D:8      | Noticed a boulder beetle
 11381 | D:8      | Killed a boulder beetle
 11514 | D:8      | Noticed a skeletal warrior
 12031 | D:8      | Killed a skeletal warrior
 12032 | D:8      | Reached skill level 10 in Fighting
 12125 | D:8      | Identified the +0 plate armour "Yczast" {Regen+ Str+2
                  | Stlth+}
 12142 | D:8      | Noticed a boulder beetle
 12182 | D:8      | Killed a boulder beetle
 12298 | D:8      | Noticed Maggie
 12311 | D:8      | Killed Maggie
 12311 | D:8      | Reached **** piety under Kikubaaqudgha
 12360 | D:8      | Killed Psyche
 12829 | D:2      | Killed Crazy Yiuf
 12833 | D:2      | Identified the +9 hammer "Xuil Sym" {vorpal, rPois}
 12982 | D:4      | Reached skill level 5 in Dodging
 12993 | D:4      | Killed bande's ghost
 13565 | D:9      | Killed a two-headed ogre
 13581 | D:9      | Learned a level 4 spell: Dispel Undead
 13596 | D:9      | Killed qeuew's ghost
 13623 | D:9      | Got the Compilation of the Black Widow
 13771 | D:10     | Entered Level 10 of the Dungeon
 13789 | D:10     | Found a bloodstained altar of Trog.
 13811 | D:10     | Noticed a two-headed ogre
 13820 | D:10     | Killed a two-headed ogre
 13821 | D:10     | Gained mutation: You punish those that try to bend your
                  | will. (Will+) [demonic ancestry]
 13821 | D:10     | Reached XP level 12. HP: 95/99 MP: 8/22
 13942 | D:10     | Reached skill level 15 in Necromancy
 14153 | D:10     | Found Fuevvela's Assorted Antiques.
 14299 | D:10     | Found a transporter.
 14368 | D:10     | Found a transporter.
 14380 | D:10     | Found a transporter.
 14498 | D:10     | Found Afemeekk's Weapon Shop.
 14801 | D:11     | Noticed a two-headed ogre
 14807 | D:11     | Killed a two-headed ogre
 14897 | D:11     | Reached ***** piety under Kikubaaqudgha
 15045 | D:11     | Noticed a two-headed ogre
 15055 | D:11     | Killed a two-headed ogre
 15127 | D:11     | Identified the +2 rapier "Jellybane" {vamp, MP+9 Int+4}
 15160 | D:11     | Noticed a centaur warrior
 15163 | D:11     | Killed a centaur warrior
 15348 | D:11     | Noticed a two-headed ogre
 15354 | D:11     | Killed a two-headed ogre
 16292 | Lair:1   | Entered Level 1 of the Lair of Beasts
 16300 | Lair:1   | Identified the +2 ring mail of Refuge {Fly rCorr SInv}
 16570 | Lair:1   | Reached XP level 13. HP: 74/108 MP: 25/25
 17348 | Lair:2   | Reached skill level 10 in Dodging
 17385 | Lair:2   | Got Sif Muna's Anthology of Energetic Superposition
 17458 | Lair:2   | Found a basalt altar of Yredelemnul.
 18468 | Lair:3   | Reached skill level 1 in Earth Magic
 18672 | Lair:3   | Found a hole to the Spider Nest.
 18989 | Lair:3   | Found a staircase to the Shoals.
 19056 | Lair:3   | Found an iron altar of Okawaru.
 19758 | Lair:4   | Noticed Josephine
 19769 | Lair:4   | Killed Josephine
 19839 | Lair:4   | Found a runed translucent door.
 19846 | Lair:4   | Identified the +10 trident "Cusku" {pain, SInv}
 19846 | Lair:4   | Noticed zishaf's ghost (journeyman VSBr)
 20758 | Lair:4   | Killed zishaf's ghost
 20891 | Lair:5   | Entered Level 5 of the Lair of Beasts
 20931 | Lair:5   | Reached ****** piety under Kikubaaqudgha
 20932 | Lair:5   | Gained mutation: You are resistant to unholy torment.
                  | [demonic ancestry]
 20932 | Lair:5   | Reached XP level 14. HP: 116/116 MP: 27/27
 21378 | Lair:5   | Reached skill level 16 in Necromancy
 21707 | Lair:5   | Found a runed translucent door.
 21709 | Lair:5   | Found a staircase to the Slime Pits.
 22435 | Lair:5   | Learned a level 6 spell: Death Channel
 22573 | D:12     | Noticed Nessos
 22583 | D:12     | Killed Nessos
 22711 | D:12     | Identified the +1 mace of Fragile Peace {antimagic, +Blink
                  | Str+6 Dex+2}
 22794 | D:12     | Your ally Nessos died
 22802 | D:12     | Reached skill level 1 in Ice Magic
 22805 | D:12     | Reached skill level 10 in Spellcasting
 22900 | D:12     | Found a staircase to the Orcish Mines.
 23288 | Orc:1    | Entered Level 1 of the Orcish Mines
 23379 | Orc:1    | Found Ruulyas's Magic Scroll Emporium.
 23389 | Orc:1    | Bought a scroll of identify for 34 gold pieces
 23389 | Orc:1    | Bought a scroll of identify for 34 gold pieces
 23479 | Orc:1    | Found a radiant altar of Vehumet.
 23600 | Orc:1    | Reached skill level 1 in Polearms
 23701 | Orc:2    | Entered Level 2 of the Orcish Mines
 23701 | Orc:2    | Found a staircase to the Elven Halls.
 23966 | Orc:2    | Received a gift from Kikubaaqudgha
 23971 | Orc:2    | Found Kewyedoo's Magic Scroll Shop.
 23974 | Orc:2    | Reached skill level 1 in Shields
 23974 | Orc:2    | Found Utigima's Jewellery Emporium.
 23974 | Orc:2    | Found Feehaanu's Book Shop.
 23974 | Orc:2    | Found Facyfusos's General Store.
 23982 | Orc:2    | Reached XP level 15. HP: 119/124 MP: 3/30
 23987 | Orc:2    | Reached skill level 5 in Polearms
 24027 | Orc:2    | Bought the ring "Hunaxa Qas" {rElec rPois rF+ rC+ Dex+6}
                  | for 1159 gold pieces
 24478 | D:13     | Found a portal to a secret trove of treasure.
 24974 | D:13     | Identified the +1 cloak of the Watchman {rF+}
 25029 | D:13     | Identified a scroll of acquirement
 25029 | D:13     | Acquired 1063 gold pieces
 25112 | D:13     | Found a gate to the Vaults.
 25598 | D:13     | Found a runed translucent door.
 25666 | D:13     | Noticed a frost giant
 25671 | D:13     | Killed a frost giant
 25799 | D:13     | Identified the +0 cloak of Engaifri {MP+9 Str+3}
 26186 | D:14     | Found a runed translucent gate.
 26186 | D:14     | Found a runed translucent gate.
 26186 | D:14     | Found a runed translucent gate.
 26192 | D:14     | Found Ceogibby's Self-Improvement Boutique.
 26419 | D:14     | Noticed Anelople's ghost (journeyman GnWn)
 26428 | D:14     | Learned a level 6 spell: Simulacrum
 26942 | D:14     | Reached skill level 5 in Shields
 26946 | D:14     | Killed Anelople's ghost
 27118 | D:15     | Entered Level 15 of the Dungeon
 27321 | D:15     | Identified the +5 trident of Crusades {elec, Dex+2 SInv}
 27675 | D:15     | Found a staircase to the Depths.
 28971 | D:1      | Bought a potion of degeneration for 11 gold pieces
 29391 | Spider:1 | Entered Level 1 of the Spider Nest
 29412 | Spider:1 | Noticed Agnes
 29421 | Spider:1 | Killed Agnes
 29422 | Spider:1 | Reached XP level 16. HP: 114/131 MP: 19/32
 29616 | Spider:1 | Reached skill level 5 in Ice Magic
 30116 | Spider:2 | HP: 4/114 [culicivora (13)]
 30117 | Spider:2 | Slain by a jumping spider

Illustrated notes

Levels and vault maps discovered:
D:1:      roderic_octagonal_star, layout_loops_ring, serial_shops,
          nicolae_shop_temple_entry_statues_fountains, shop, shop, shop,
          minmay_unequal
D:2:      layout_loops_ring, basic_altar, st_stairs_1, uniq_crazy_yiuf_cottage
D:3:      layout_basic, mainiacjoe_overflow_catwalk,
          cheibrodos_sewer_entry_bend, item_on_display_a, uniq_natasha
D:4:      layout_loops_ring, nicolae_overflow_crystal_walls, ashenzari_altar_1,
          overflow_temple_1_default, general_overflow_altar,
          okawaru_altar_gauntlet_db, gammafunk_ghost_smash, uniq_ijyb,
          uniq_menkaure, uniq_eustachio
D:5:      minmay_general_purpose_star, layout_basic,
          mainiacjoe_overflow_cross_hatched, temple_green, minmay_manual_mullet
D:6:      layout_cave_pods, mainiacjoe_overflow_alcove_2,
          mainiacjoe_overflow_surrounded_room,
          lemuel_mausoleum_altar_yredelemnul, uniq_blork_the_orc
D:7:      layout_basic, enter_bailey_3, st_stairs_5, grunt_ministairs_15,
          uniq_joseph
D:8:      layout_cave_pools, grunt_temple_overflow_order_and_chaos_1,
          minmay_evil_grid, uniq_maggie, uniq_psyche
D:9:      layout_rooms, lightli_temple_of_fire, dpeg_oklobed_lair,
          gammafunk_ghost_spectres, nicolae_concentric_dashed_squares_mild,
          uniq_gastronok, uniq_harold, uniq_maurice
D:10:     layout_irregular_city, gammafunk_temple_overflow_arena, serial_shops,
          nicolae_shop_waterfront, shop, nicolae_diode_basic
D:11:     minmay_the_grid_octo_tiled_octocenter_mashed
          [minmay_the_grid_octo_empty, minmay_the_grid_octo_toaster,
          minmay_the_grid_octo_clover_2, minmay_the_grid_octo_checkered,
          minmay_the_grid_octo_prize_single_spiral,
          minmay_the_grid_square_5x5_forky, minmay_the_grid_square_5x5_inner_i,
          minmay_the_grid_square_5x5_tetrominoes,
          minmay_the_grid_square_5x5_plus], layout_irregular_city, serial_glass,
          glass_columns_b, glass_columns_c
D:12:     layout_irregular_city, orc_0_dummy, uniq_nessos
D:13:     layout_gridville, erik_vaults_1, nicolae_trove_entry_isolated,
          lightli_airlock
D:14:     layout_irregular_city, gammafunk_ghost_icy, nicolae_shop_self_help
D:15:     grunt_enter_depths_snipers, layout_grid_maze, minmay_misc_feat_iff
Temple:   nicolae_temple_colour_theory
Lair:1:   layout_long_grid, st_stairs_9
Lair:2:   layout_chaotic_city, basic_altar, serial_bayou_shore_a,
          infiniplex_staircase_pool_2
Lair:3:   layout_regular_city, minmay_shoals_entry_beasts,
          hellmonk_spider_entry_not_the_bees, basic_altar, grunt_megastairs_1,
          infiniplex_staircase_pool, lemuel_fruit_tree
Lair:4:   layout_roguey, ebering_ghost_funeral_grove,
          nicolae_quartered_pool_impasse, minivault_23, lemuel_fruit_fields,
          serial_bayou_shore_b, uniq_josephine
Lair:5:   minmay_lair_end_enchanted_forest, layout_loops_ring, slime_entry_2,
          chequers_serial_rivers_small_a, lemuel_old_faithful
Spider:1: layout_spider_delve, uniq_agnes
Spider:2: layout_spider_delve, nicolae_spider_wall_of_niches
Orc:1:    layout_caves, basic_altar, serial_shops, nicolae_shop_crystal
Orc:2:    st_orc_ogre_mass, layout_diamond_mine, nooodl_orcs_dogs

Skill      XL: |  1  2  3  4  5  6  7  8  9 10 11 12 13 14 15 16 |
---------------+-------------------------------------------------+-----
Necromancy     | 5 6 7 9 11 13 14 15 16 | 16.6
Spellcasting   | 3 5 6 8 9 11 12 | 12.5
Fighting       | 1 2 3 4 6 7 9 10 12 13 | 13.3
Evocations     | 1 5 |  5.7
Dodging        | 3 5 9 10 | 10.8
Earth Magic    | 3 4 |  4.8
Ice Magic      | 1 4 6 |  6.0
Polearms       | 4 8 |  8.5
Shields        | 2 5 |  5.0
Stealth        | |  1.7

Action                   |  1- 3 |  4- 6 |  7- 9 | 10-12 | 13-15 | 16-18 || total
-------------------------+-------+-------+-------+-------+-------+-------++-------
Melee: Short sword       |    44 |    71 |       |       |       |       ||   115
       Unarmed           |     4 |    10 |     8 |       |       |       ||    22
       Trident           |       |     4 |   357 |   493 |   793 |    48 ||  1695
       Punch             |       |       |     1 |     8 |       |       ||     9
 Cast: Necrotise         |    74 |    47 |   114 |   106 |     6 |       ||   347
       Vampiric Draining |     1 |     1 |     5 |    14 |       |     1 ||    22
       Animate Dead      |       |     4 |    20 |    17 |    31 |     2 ||    74
       Kiss of Death     |       |       |     9 |     4 |     4 |     1 ||    18
       Anguish           |       |       |       |    53 |    66 |     2 ||   121
       Borgnjor's Vile C |       |       |       |    35 |    58 |     4 ||    97
       Dispel Undead     |       |       |       |     8 |     9 |       ||    17
       Death Channel     |       |       |       |       |    23 |     3 ||    26
       Simulacrum        |       |       |       |       |     2 |     2 ||     4
Invok: Receive Forbidden |       |       |       |       |     1 |       ||     1
  Use: Scroll            |     2 |       |     6 |     8 |    10 |       ||    26
       Potion            |       |       |     1 |     3 |     2 |     2 ||     8
 Stab: Sleeping          |       |       |    11 |       |    12 |       ||    23
       Distracted        |       |       |     2 |     2 |    11 |     2 ||    17
Armor: Robe              |    15 |    21 |   143 |   324 |   406 |    35 ||   944
       Skin              |       |       |     1 |       |       |       ||     1
Dodge: Dodged            |    28 |    64 |   284 |   588 |   595 |    53 ||  1612
Block: Other             |     2 |    11 |    59 |    98 |       |       ||   170
       Kite shield       |       |       |       |    84 |   733 |    60 ||   877

Table legend: (Time is in decaauts)
 A = Elapsed time spent in this place.
 B = Non-inter-level travel time spent in this place.
 C = Inter-level travel time spent in this place.
 D = Time resting spent in this place.
 E = Time spent auto-exploring this place.
 F = Levels seen in this place.
 G = Mean time per level.
                   A        B        C        D        E       F      G
               +--------+--------+--------+--------+--------+-----+--------+
         Total |  30844 |  28665 |   2179 |   4507 |  17836 |  27 | 1142.4 |
       Dungeon |  20941 |  19222 |   1719 |   3273 |  11937 |  15 | 1396.1 |
        Temple |    105 |     92 |     13 |      0 |     64 |   1 |  105.0 |
          Lair |   6570 |   6346 |    224 |    655 |   4255 |   5 | 1314.0 |
   Spider Nest |    734 |    662 |     72 |      0 |    482 |   2 |  367.0 |
  Orcish Mines |   1299 |   1149 |    150 |      0 |    859 |   2 |  649.5 |
         Sewer |    179 |    179 |      0 |      0 |     81 |   1 |  179.0 |
        Bailey |   1013 |   1013 |      0 |    579 |    157 |   1 | 1013.0 |
               +--------+--------+--------+--------+--------+-----+--------+

Top non-repeatable levels by time:
     D:9: 2085 daAuts
     D:8: 1939 daAuts
    D:11: 1760 daAuts
  Lair:5: 1657 daAuts
     D:6: 1621 daAuts
    D:15: 1608 daAuts
  Lair:4: 1569 daAuts
     D:7: 1547 daAuts
     D:5: 1434 daAuts
     D:4: 1406 daAuts
    D:13: 1366 daAuts
  Lair:3: 1302 daAuts
    D:14: 1268 daAuts
     D:1: 1067 daAuts
  Lair:2: 1035 daAuts
